NCAA
CALIFORNIA GOLDEN BEARS @ INDIANA HOOSIERS
05/15/2024
 
TOP OF THE 1ST
California Golden Bears batting - Pitching for Indiana Hoosiers : RHP Jeremy Lee
Pitching: RHP Jeremy Lee
Batting: LHB Noah Gillespie 0-0: Called Strike
0-1: Ball
1-1: Ground out 4-3 (Groundball, 4)
Batting: RHB Júlio López 0-0: Called Strike
0-1: Ball
1-1: Ball
2-1: Foul Ball, location: 2F
2-2: Ball
3-2: SINGLE (Line Drive, 6D)
Batting: SHB Chris Woods 0-0: Swinging Strike
0-1: Ball
1-1: Ball
2-1: Foul Ball, location: 2F
2-2: Ball
3-2: SINGLE (Line Drive, 56D)
Júlio López to second
Júlio López to third
Batting: LHB Sergio Fernández 0-0: Ball
1-0: Called Strike
1-1: Called Strike
1-2: Strikes out swinging
Batting: RHB Phil Garne 0-0: Called Strike
0-1: Ball
1-1: Foul Ball, location: 2F
1-2: Foul Ball, location: 2F
1-2: Ground out 5-3 (Groundball, 56S)
Top of the 1st over - 0 run(s), 2 hit(s), 0 error(s), 2 left on base; California 0 - Indiana 0
BOTTOM OF THE 1ST
Indiana Hoosiers batting - Pitching for California Golden Bears : LHP Nick Walters
Pitching: LHP Nick Walters
Batting: LHB Arturo Álvarez 0-0: Ball
1-0: Called Strike
1-1: Foul Ball, location: 2F
1-2: Ball
2-2: Strikes out swinging
Batting: RHB Tom McCoy 0-0: Called Strike
0-1: Ball
1-1: Ball
2-1: Foul Ball, location: 2F
2-2: Foul Ball, location: 2F
2-2: SINGLE (Groundball, 34D)
Batting: LHB Randy Ortíz 0-0: Ball
Tom McCoy is caught stealing 2nd base
1-0: Called Strike
1-1: Called Strike
1-2: Ball
2-2: Foul Ball, location: 2F
2-2: Ball
3-2: Strikes out swinging
Bottom of the 1st over - 0 run(s), 1 hit(s), 0 error(s), 0 left on base; California 0 - Indiana 0
TOP OF THE 2ND
California Golden Bears batting - Pitching for Indiana Hoosiers : RHP Jeremy Lee
Batting: RHB Marv Shepard 0-0: Ball
1-0: Foul Ball, location: 2F
1-1: Foul Ball, location: 2F
1-2: Foul Ball, location: 2F
1-2: Foul Ball, location: 2F
1-2: SINGLE (Flyball, 89S)
Batting: RHB Richard Stroud 0-0: Ball
1-0: Ball
2-0: Ball
3-0: Called Strike
3-1: Called Strike
3-2: Fly out, F5 (Line Drive, 5S)
Batting: RHB Robin Dobson 0-0: Called Strike
0-1: Ball
1-1: Foul Ball, location: 2F
1-2: Strikes out swinging
Batting: LHB Jeff West 0-0: Called Strike
0-1: Foul Ball, location: 2F
0-2: Ball
1-2: Foul Ball, location: 2F
1-2: Foul Ball, location: 2F
1-2: Fielders Choice at 2nd, U4 (Groundball, 4M)
Top of the 2nd over - 0 run(s), 1 hit(s), 0 error(s), 1 left on base; California 0 - Indiana 0
BOTTOM OF THE 2ND
Indiana Hoosiers batting - Pitching for California Golden Bears : LHP Nick Walters
Batting: RHB Gus Bryant 0-0: Ball
1-0: Foul Ball, location: 2F
1-1: Swinging Strike
1-2: Foul Ball, location: 2F
1-2: Ball
2-2: Strikes out swinging
Batting: RHB Stephen Concepción 0-0: Called Strike
0-1: Foul Ball, location: 2F
0-2: Fly out, F8 (Flyball, 8RM)
Batting: RHB Wayne Carter 0-0: Ball
1-0: SINGLE (Groundball, 6MD)
Batting: RHB Jaime Morán 0-0: Ball
1-0: Ball
2-0: Ball
3-0: Base on Balls
Wayne Carter to second
Batting: LHB Dave Joyner 0-0: Foul Ball, location: 2F
0-1: SINGLE (Groundball, 5D)
Wayne Carter to third
Jaime Morán to second
Runner from 3rd tries for Home, SAFE, no throw or cutoff
Batting: RHB Armando Bernard 0-0: SINGLE (Line Drive, 6D)
Jaime Morán to third
Dave Joyner to second
Batting: LHB Arturo Álvarez 0-0: Called Strike
0-1: Ball
1-1: Ball
2-1: DOUBLE (Flyball, 78M)
Jaime Morán scores
Dave Joyner scores
Armando Bernard to third
Batting: RHB Tom McCoy 0-0: Ball
1-0: Fly out, F9 (Flyball, 9M)
Bottom of the 2nd over - 3 run(s), 4 hit(s), 0 error(s), 2 left on base; California 0 - Indiana 3
TOP OF THE 3RD
California Golden Bears batting - Pitching for Indiana Hoosiers : RHP Jeremy Lee
Batting: LHB Noah Gillespie 0-0: Fly out, F9 (Line Drive, 89M)
Batting: RHB Júlio López 0-0: Ground out 5-3 (Groundball, 56)
Batting: SHB Chris Woods 0-0: Called Strike
0-1: Called Strike
0-2: Ball
1-2: Ball
2-2: SOLO HOME RUN (Flyball, 8RXD), Distance : 385 ft
Batting: LHB Sergio Fernández 0-0: Called Strike
0-1: SINGLE (Groundball, 3S) (infield hit)
Batting: RHB Phil Garne 0-0: Ball
1-0: Called Strike
1-1: Ball
2-1: Fly out, F9 (Flyball, 9LMF)
Top of the 3rd over - 1 run(s), 2 hit(s), 0 error(s), 1 left on base; California 1 - Indiana 3
BOTTOM OF THE 3RD
Indiana Hoosiers batting - Pitching for California Golden Bears : LHP Nick Walters
Batting: LHB Randy Ortíz 0-0: Foul Ball, location: 2F
0-1: Swinging Strike
0-2: Ball
1-2: Ball
2-2: Ball
3-2: Ground out 6-3 (Groundball, 6)
Batting: RHB Gus Bryant 0-0: Foul Ball, location: 2F
0-1: Called Strike
0-2: Ball
1-2: Strikes out looking
Batting: RHB Stephen Concepción 0-0: Called Strike
0-1: Ball
1-1: SINGLE (Flyball, 8RS)
Batting: RHB Wayne Carter 0-0: Called Strike
0-1: 2-RUN HOME RUN (Flyball, 7D), Distance : 356 ft
Batting: RHB Jaime Morán 0-0: Ball
1-0: Called Strike
1-1: Ground out 1-3 (Groundball, 13S)
Bottom of the 3rd over - 2 run(s), 2 hit(s), 0 error(s), 0 left on base; California 1 - Indiana 5
TOP OF THE 4TH
California Golden Bears batting - Pitching for Indiana Hoosiers : RHP Jeremy Lee
Batting: RHB Marv Shepard 0-0: Called Strike
0-1: Ball
1-1: Ground out 4-3 (Groundball, 34)
Batting: RHB Richard Stroud 0-0: Ground out 4-3 (Groundball, 4M)
Batting: RHB Robin Dobson 0-0: Ball
1-0: Called Strike
1-1: Fly out, F9 (Flyball, 89S)
Top of the 4th over - 0 run(s), 0 hit(s), 0 error(s), 0 left on base; California 1 - Indiana 5
BOTTOM OF THE 4TH
Indiana Hoosiers batting - Pitching for California Golden Bears : LHP Nick Walters
Batting: LHB Dave Joyner 0-0: Ball
1-0: SINGLE (Groundball, 23) (infield hit)
Batting: RHB Armando Bernard 0-0: Called Strike
0-1: Fly out, F8 (Flyball, 8LS)
Batting: LHB Arturo Álvarez 0-0: Called Strike
0-1: Ball
1-1: Foul Ball, location: 2F
1-2: Ball
2-2: Ball
3-2: SINGLE (Groundball, 34D)
Dave Joyner to second
Runner from 2nd tries for 3rd, SAFE, throw made to third
Batting: RHB Tom McCoy 0-0: Foul Ball, location: 2F
0-1: Called Strike
0-2: Ball
1-2: DOUBLE (Line Drive, 5D)
Dave Joyner scores
Arturo Álvarez to third
Batting: LHB Randy Ortíz 0-0: Called Strike
0-1: Ball
1-1: Ball
2-1: Ball
3-1: Base on Balls
Batting: RHB Gus Bryant 0-0: Swinging Strike
0-1: Foul Ball, location: 2F
0-2: Strikes out looking
Pitching: RHP Allen Hansen
Batting: RHB Stephen Concepción 0-0: Ball
1-0: Fly out, F6 (Line Drive, 6)
Bottom of the 4th over - 1 run(s), 3 hit(s), 0 error(s), 3 left on base; California 1 - Indiana 6
TOP OF THE 5TH
California Golden Bears batting - Pitching for Indiana Hoosiers : RHP Jeremy Lee
Batting: LHB Jeff West 0-0: Swinging Strike
0-1: SOLO HOME RUN (Flyball, 9D), Distance : 371 ft
Batting: LHB Noah Gillespie 0-0: Ball
1-0: Ball
2-0: Foul Ball, location: 2F
2-1: Fly out, F7 (Flyball, 7LMF)
Batting: RHB Júlio López 0-0: Swinging Strike
0-1: Ball
1-1: Ground out 4-3 (Groundball, 4)
Batting: SHB Chris Woods 0-0: SINGLE (Line Drive, 4)
Batting: LHB Sergio Fernández 0-0: Called Strike
0-1: Ball
1-1: Ball
2-1: Ball
3-1: Called Strike
3-2: Foul Ball, location: 2F
3-2: Foul Ball, location: 2F
3-2: Ground out 1-3 (Groundball, 4S)
Top of the 5th over - 1 run(s), 2 hit(s), 0 error(s), 1 left on base; California 2 - Indiana 6
BOTTOM OF THE 5TH
Indiana Hoosiers batting - Pitching for California Golden Bears : RHP Allen Hansen
Batting: RHB Wayne Carter 0-0: SINGLE (Groundball, 6)
Batting: RHB Jaime Morán 0-0: Called Strike
0-1: Ball
1-1: Swinging Strike
1-2: Ball
2-2: Foul Ball, location: 2F
2-2: Ball
3-2: Strikes out swinging
Batting: LHB Dave Joyner 0-0: Ball
1-0: SINGLE (Groundball, 4MD)
Wayne Carter to second
Batting: RHB Armando Bernard 0-0: Called Strike
0-1: Ball
1-1: Ball
2-1: Ball
3-1: Fly out, F7 (Flyball, 78M)
Batting: LHB Arturo Álvarez 0-0: SINGLE (Groundball, 56D)
Wayne Carter to third
Dave Joyner to second
Runner from 3rd tries for Home, SAFE, no throw or cutoff
Batting: RHB Tom McCoy 0-0: Foul Ball, location: 2F
0-1: Ball
1-1: Ball
2-1: Fly out, F8 (Flyball, 8RD)
Bottom of the 5th over - 1 run(s), 3 hit(s), 0 error(s), 2 left on base; California 2 - Indiana 7
TOP OF THE 6TH
California Golden Bears batting - Pitching for Indiana Hoosiers : RHP Jeremy Lee
Pitching: RHP Chad Bolinger
Batting: RHB Phil Garne 0-0: Ball
1-0: Called Strike
1-1: Fly out, F9 (Flyball, 89M)
Batting: RHB Marv Shepard 0-0: Ball
1-0: Fly out, F9 (Flyball, 9M)
Batting: RHB Richard Stroud 0-0: Foul Ball, location: 2F
0-1: Called Strike
0-2: Foul Ball, location: 2F
0-2: Foul Ball, location: 2F
0-2: Ground out 5-3 (Groundball, 56)
Top of the 6th over - 0 run(s), 0 hit(s), 0 error(s), 0 left on base; California 2 - Indiana 7
BOTTOM OF THE 6TH
Indiana Hoosiers batting - Pitching for California Golden Bears : RHP Allen Hansen
Batting: LHB Randy Ortíz 0-0: Ball
1-0: Called Strike
1-1: Ball
2-1: Ball
3-1: Base on Balls
Batting: RHB Gus Bryant 0-0: Called Strike
0-1: Foul Ball, location: 2F
0-2: Strikes out swinging
Batting: RHB Stephen Concepción 0-0: Ball
1-0: Ball
2-0: Called Strike
2-1: Swinging Strike
2-2: Strikes out looking
Batting: RHB Wayne Carter 0-0: Ball
1-0: Ball
Wild Pitch!
Randy Ortíz to second
2-0: Ball
3-0: Called Strike
3-1: Called Strike
3-2: Foul Ball, location: 2F
3-2: Base on Balls
Batting: RHB Jaime Morán 0-0: Called Strike
0-1: DOUBLE (Line Drive, 7LM)
Randy Ortíz scores
Wayne Carter to third
Batting: LHB Dave Joyner 0-0: Called Strike
0-1: Ball
1-1: Ball
2-1: Called Strike
2-2: Ball
3-2: Base on Balls
Batting: RHB Armando Bernard 0-0: Ball
1-0: Called Strike
1-1: Swinging Strike
1-2: Ball
2-2: Strikes out swinging
Bottom of the 6th over - 1 run(s), 1 hit(s), 0 error(s), 3 left on base; California 2 - Indiana 8
TOP OF THE 7TH
California Golden Bears batting - Pitching for Indiana Hoosiers : RHP Chad Bolinger
Batting: RHB Robin Dobson 0-0: Ball
1-0: Swinging Strike
1-1: Foul Ball, location: 2F
1-2: Ball
2-2: Ball
3-2: Fly out, F8 (Flyball, 8RM)
Batting: LHB Jeff West 0-0: Called Strike
0-1: Foul Ball, location: 2F
0-2: Ball
1-2: Foul Ball, location: 2F
1-2: Ball
2-2: Ball
3-2: Fly out, F4 (Line Drive, 4)
Batting: LHB Noah Gillespie 0-0: Ball
1-0: Swinging Strike
1-1: Swinging Strike
1-2: Strikes out swinging
Top of the 7th over - 0 run(s), 0 hit(s), 0 error(s), 0 left on base; California 2 - Indiana 8
BOTTOM OF THE 7TH
Indiana Hoosiers batting - Pitching for California Golden Bears : RHP Allen Hansen
Pitching: RHP Gregg Sullivan
Batting: LHB Arturo Álvarez 0-0: Swinging Strike
0-1: Foul Ball, location: 2F
0-2: Foul Ball, location: 2F
0-2: Ball
1-2: SOLO HOME RUN (Flyball, 89XD), Distance : 366 ft
Batting: RHB Tom McCoy 0-0: Called Strike
0-1: Called Strike
0-2: Ball
1-2: Foul Ball, location: 2F
1-2: Ball
2-2: Ball
3-2: Base on Balls
Batting: LHB Randy Ortíz 0-0: Ball
1-0: SINGLE (Flyball, 89M)
Tom McCoy to second
Runner from 2nd tries for 3rd, SAFE, throw made to third
Batting: RHB Gus Bryant 0-0: Ball
1-0: Swinging Strike
1-1: Fly out, F8 (Line Drive, 8RM)
Runner from 3rd tags up, SCORES, throw made
Batting: RHB Stephen Concepción 0-0: Ball
1-0: SINGLE (Line Drive, 89S)
Randy Ortíz to second
Runner from 2nd tries for 3rd, SAFE, throw made to third
Batting: RHB Wayne Carter 0-0: Called Strike
0-1: Ball
1-1: Called Strike
1-2: Foul Ball, location: 2F
1-2: Ball
2-2: 3-RUN HOME RUN (Flyball, 8RXD), Distance : 396 ft
Pitching: LHP Colton Elías
Batting: RHB Jaime Morán 0-0: SINGLE (Groundball, 4MD)
Batting: LHB Dave Joyner 0-0: Ball
1-0: Fly out, F8 (Flyball, 8LM)
Batting: RHB Armando Bernard 0-0: Called Strike
0-1: Ball
1-1: Called Strike
1-2: Fielders Choice at 2nd, 6-4 (Groundball, 6)
Bottom of the 7th over - 5 run(s), 5 hit(s), 0 error(s), 0 left on base; California 2 - Indiana 13
TOP OF THE 8TH
California Golden Bears batting - Pitching for Indiana Hoosiers : RHP Chad Bolinger
Pitching: LHP Vicente Hinojosa
Batting: RHB Júlio López 0-0: Ball
1-0: Called Strike
1-1: Ball
2-1: Ball
3-1: Ground out 3-1 (Groundball, 34)
Batting: SHB Chris Woods 0-0: Called Strike
0-1: Ball
1-1: Swinging Strike
1-2: Ball
2-2: Ball
3-2: Base on Balls
Batting: LHB Sergio Fernández 0-0: Called Strike
0-1: Foul Ball, location: 2F
0-2: Ball
1-2: Foul Ball, location: 2F
1-2: Foul Ball, location: 2F
1-2: Ball
2-2: Ball
3-2: Grounds into double play, 6-4-3 (Groundball, 6M)
Top of the 8th over - 0 run(s), 0 hit(s), 0 error(s), 0 left on base; California 2 - Indiana 13
BOTTOM OF THE 8TH
Indiana Hoosiers batting - Pitching for California Golden Bears : LHP Colton Elías
Batting: LHB Arturo Álvarez 0-0: Ball
1-0: Ball
2-0: Ball
3-0: Base on Balls
Batting: RHB Tom McCoy 0-0: Sac Bunt - play at first, batter OUT! 1-3
Arturo Álvarez to second
Batting: LHB Randy Ortíz 0-0: Ball
Arturo Álvarez is caught stealing 3rd base
1-0: Ball
2-0: Foul Ball, location: 2F
2-1: Called Strike
2-2: Ball
3-2: Strikes out swinging
Bottom of the 8th over - 0 run(s), 0 hit(s), 0 error(s), 0 left on base; California 2 - Indiana 13
TOP OF THE 9TH
California Golden Bears batting - Pitching for Indiana Hoosiers : LHP Vicente Hinojosa
Batting: RHB Phil Garne 0-0: Called Strike
0-1: Ball
1-1: Called Strike
1-2: Foul Ball, location: 2F
1-2: Ground out 6-3 (Groundball, 6M)
Batting: RHB Marv Shepard 0-0: Fly out, F8 (Flyball, 8LS)
Batting: RHB Richard Stroud 0-0: Ball
1-0: Ball
2-0: Ball
3-0: Called Strike
3-1: Swinging Strike
3-2: Strikes out looking
Top of the 9th over - 0 run(s), 0 hit(s), 0 error(s), 0 left on base; California 2 - Indiana 13
This league is powered by Out of the Park Baseball, the baseball management simulation game for PC, Mac and Linux
Saturday, April 9th, 2016 - OOTP Baseball 16.8 Build 38